 Dungeon Crawl Stone Soup version 0.23.1 (webtiles) character file.

Game seed: 835509305961997457

14690 LostNumber the Geomancer (level 11, -10/89 HPs)
             Began as a Demonspawn Earth Elementalist on Mar 6, 2019.
             Was a Follower of Ashenzari.
             Killed from afar by Frances (54 damage)
             ... with an iron shot
             ... on level 12 of the Dungeon.
             The game lasted 00:43:47 (12261 turns).

LostNumber the Geomancer (DsEE)                    Turns: 12261, Time: 00:43:47

Health: -10/89     AC: 19    Str:  8    XL:     11   Next: 92%
Magic:  1/23       EV: 10    Int: 20    God:    Ashenzari [*.....]
Gold:   394        SH:  6    Dex: 14    Spells: 18/27 levels left

rFire    + . .     SeeInvis +   N - +2 broad axe (flame) (curse)
rCold    . . .     Gourm    .   (no shield)
rNeg     . . .     Faith    .   y - +7 ring mail "Xosuredi" {rElec rF+ SInv Stlth+} (curse)
rPois    +         Spirit   .   o - +1 hat (curse)
rElec    +         Reflect  +   g - +0 cloak
rCorr    .         Harm     .   t - +0 pair of gloves
MR       .....                  J - +0 pair of boots
Stlth    ++........             C - +6 amulet of reflection (curse)
HPRegen  0.24/turn              L - ring of poison resistance (curse)
MPRegen  0.18/turn              (no ring)

@: no status effects
A: hooves 1, slimy green scales 2, demonic guardian 2, spiny 1
a: Curse Item, Scrying, Renounce Religion


You were on level 12 of the Dungeon.
You worshipped Ashenzari.
Ashenzari was aware of your devotion.
You were hungry.

You visited 3 branches of the dungeon, and saw 14 of its levels.
You also visited: Sewer.

You collected 576 gold pieces.
You spent 182 gold pieces at shops.

Inventory:

Hand Weapons
 f - a +0 club
   (You took it off a hobgoblin on level 1 of the Dungeon)
 i - a +1 dagger of venom
   (You took it off a kobold in a sewer)
 n - a +1 flail
   (You took it off an orc on level 2 of the Dungeon)
 p - a +6 great sword
   (You took it off a wight on level 6 of the Dungeon)
 x - a +0 morningstar
   (You found it on level 5 of the Dungeon)
 N - a cursed +2 broad axe of flaming (weapon)
   (You took it off a tengu warrior on level 10 of the Dungeon)
Missiles
 b - 112 stones (quivered)
Armour
 g - a +0 cloak (worn)
   (You took it off Maurice on level 11 of the Dungeon)
 o - a cursed +1 hat (worn)
   (You took it off Gastronok on level 11 of the Dungeon)
 t - a +0 pair of gloves (worn)
   (You found it on level 3 of the Dungeon)
 y - the cursed +7 ring mail "Xosuredi" (worn) {rElec rF+ SInv Stlth+}
   (You found it on level 7 of the Dungeon)

   It protects you from fire.
   It insulates you from electricity.
   It lets you see invisible.
   It makes you more stealthy.
   It has a curse placed upon it.
 J - a +0 pair of boots (worn)
   (You found it on level 9 of the Dungeon)
Jewellery
 m - an uncursed ring of fire
   (You found it on level 2 of the Dungeon)
 r - an uncursed ring of flight
   (You took it off a gnoll on level 4 of the Dungeon)
 C - a cursed +6 amulet of reflection (around neck)
   (You took it off a crimson imp on level 10 of the Dungeon)
 L - a cursed ring of poison resistance (left hand)
   (You found it on level 9 of the Dungeon)
Wands
 c - a wand of disintegration (23)
   (You found it on level 9 of the Dungeon)
 H - a wand of polymorph (15)
   (You found it on level 8 of the Dungeon)
Scrolls
 h - 8 scrolls of teleportation {@r4}
 q - 4 scrolls of remove curse {@r2}
 u - 4 scrolls of amnesia
 z - 4 scrolls of fear
 B - 2 scrolls of blinking
 D - 2 scrolls of immolation {!r}
 E - 3 scrolls of brand weapon
 G - 3 scrolls of fog
 O - 2 scrolls of identify {@r1}
Potions
 a - 2 potions of invisibility
 d - 3 potions of lignification {!q}
 j - 6 potions of curing {@q1}
 k - 4 potions of agility
 l - 2 potions of haste {@q3}
 s - 2 potions of brilliance
 v - 2 potions of heal wounds {@q2}
 w - 3 potions of flight
 A - 3 potions of might
 F - a potion of magic {unknown}
 I - a potion of cancellation {unknown}
 M - 2 potions of ambrosia {unknown}
Comestibles
 e - 22 rations {!d}
 K - 4 chunks of flesh


   Skills:
 + Level 9.1 Fighting
 * Level 4.8 Axes
 - Level 1.7 Dodging
 - Level 1.7 Stealth
 + Level 8.6 Spellcasting
 - Level 7.0 Conjurations
   Level 0.8 Transmutations
 - Level 11.0 Earth Magic


You had 18 spell levels left.
You knew the following spells:

 Your Spells              Type           Power        Failure   Level  Hunger
a - Sandblast             Erth           ######       1%          1    None
b - Lee's Rapid Deconstr  Erth           ######....   8%          5    #####..
x - Stone Arrow           Conj/Erth      #####.       1%          3    None

Your spell library contained the following spells:

 Spells                   Type           Power        Failure   Level  Hunger
 Passwall                 Tmut/Erth      ####....     3%          2    None
 Petrify                  Tmut/Erth      ####....     22%         4    ###....
 Cause Fear               Hex            #.........   94%         4    ###....
 Yara's Violent Unravell  Hex/Tmut       ##........   99%         5    #####..
 Silence                  Hex/Air        #.........   100%        5    #####..
 Deflect Missiles         Chrm/Air       #.........   100%        6    ######.
 Discord                  Hex            #.........   100%        8    #######


Dungeon Overview and Level Annotations

Branches:
Dungeon (12/15)            Temple (1/1) D:4            Lair (1/6) D:10
    Orc (0/2) D:9

Altars:
Ashenzari
Cheibriados
Dithmenos
Elyvilon
Fedhas
Gozag
Hepliaklqana
Kikubaaqudgha
Makhleb
Nemelex Xobeh
Okawaru
Qazlal
Ru
Sif Muna
Trog
Uskayaw
Vehumet
Wu Jian
Xom
Yredelemnul
Zin
The Shining One

Shops:
D:4 (   D:7 ?

Annotations:
D:2 1 runed translucent door, Crazy Yiuf
D:6 3 runed translucent doors, Thargor's ghost, novice HuFE
D:12 Frances


Innate Abilities, Weirdness & Mutations

You have large cloven feet.
You are mostly covered in slimy green scales. (AC +3)
A demonic guardian rushes to your aid.
You are partially covered in sharp spines.


Message History

The wall shatters!
The blast of rock fragments hits Frances!!
Frances is struck by your spines. Frances hits you with a +0 war axe!
The stone arrow hits Frances!
Frances hits you but does no damage.
You don't have enough magic to cast that spell.
Unknown command.
Your orange demon stings Frances from afar!
Unknown command.
You hit Frances but do no damage.
Frances chants phrases taken from a devil's mouth.
Frances hits you with a +0 war axe!
Your orange demon barely misses Frances.
You hit Frances but do no damage.
Your ring mail "Xosuredi" prevents you from hitting the neqoxec.
Frances hits you but does no damage.
Your orange demon stings Frances but does no damage.
The neqoxec hits you but does no damage.
Unknown command.
Aim: Frances, wielding a +0 war axe and wearing a +0 chain mail (severely wounded, fast)
The stone arrow misses Frances.
Frances hits your orange demon with a +0 war axe!
Frances hits you but does no damage.
Your orange demon stings Frances but does no damage.
Your orange demon closely misses Frances.
The neqoxec hits you but does no damage.
Frances whispers indecipherable words.
The shard of ice hits your orange demon!!!
Your orange demon dies!
Unknown command.
You hit Frances. You burn Frances. You miss the neqoxec.
Frances closely misses you. The neqoxec closely misses you.
You closely miss Frances.
Your ring mail "Xosuredi" prevents you from hitting the neqoxec.
Frances mutters in a terrible tongue.
The neqoxec gestures at you.
Something tries to feed on your intellect!
Frances is struck by your spines. Frances hits you but does no damage.
The neqoxec is struck by your spines.
The neqoxec hits you but does no damage.
You hit Frances but do no damage. You closely miss the neqoxec.
Frances mutters in a terrible tongue.
The shard of ice hits you!!
* * * LOW HITPOINT WARNING * * *
Frances hits you but does no damage. The neqoxec is struck by your spines.
The neqoxec hits you but does no damage.
You closely miss Frances. You hit the ice devil but do no damage.
You hit the neqoxec. You burn the neqoxec.
Frances chants phrases taken from a devil's mouth.
The iron shot hits you!!!
Ouch! That really hurt!
You die...

#........##.#####.
...######.##.## ##
#.##..# #.###.#
#.# #.# #.# #.#
#.# #.#
####.###.#####.##
.........@4.<....
########3@.3...##
#4####### #.. ####


You could see Frances, an ice devil, a rust devil, a neqoxec and a friendly
sixfirhy.

Vanquished Creatures
  2 hydras
  A two-headed ogre (D:11)
  A tengu warrior (D:10)
  3 unseen horrors
  Maurice (D:11)
  Psyche (D:11)
  A gargoyle (D:11)
  A troll (D:10)
  Prince Ribbit (D:6)
  A hippogriff (D:10)
  A hungry ghost (D:8)
  Menkaure (D:5)
  3 porcupines (D:10)
  2 orc warriors (D:11)
  2 black bears (D:10)
  5 ice beasts
  A sky beast (D:10)
  A necrophage (D:10)
  A phantom (D:8)
  4 ogres
  4 centaurs
  6 bullfrogs
  6 scorpions
  6 killer bees (D:11)
  7 wights
  2 howler monkeys
  3 crimson imps
  2 bullfrog zombies
  2 jellies
  A quasit (D:6)
  2 centaur skeletons
  7 hounds
  9 orc priests
  11 orc wizards
  4 iguanas
  11 worker ants
  A killer bee zombie (D:7)
  3 hound zombies
  2 hound skeletons
  A howler monkey zombie (D:10)
  A howler monkey skeleton (D:10)
  15 adders
  7 gnolls
  A river rat (Sewer)
  3 shadow imps
  6 oozes
  2 adder skeletons
  6 worms
  4 dart slugs
  5 leopard geckos
  37 orcs
  2 ball pythons (Sewer)
  5 bats
  5 giant cockroaches
  9 goblins
  9 hobgoblins
  13 jackals
  15 kobolds
  4 quokkas
  4 frilled lizards
  A quokka zombie (D:7)
  17 rats
295 creatures vanquished.

Vanquished Creatures (collateral kills)
  Gastronok (D:11)
  A two-headed ogre (D:10)
  A tengu warrior (D:10)
  An ugly thing (D:11)
  A troll (D:12)
  Grinder (D:6)
  A hippogriff (D:8)
  Sigmund (D:5)
  4 yaks (D:7)
  An orc warrior (D:12)
  2 phantoms (D:5)
  A sky beast (D:11)
  2 ogres
  A crocodile (D:10)
  2 big kobolds (Sewer)
  4 bullfrogs
  A crimson imp (D:10)
  A centaur zombie (D:8)
  A bullfrog skeleton (D:4)
  An adder (D:10)
  2 shadow imps
  2 orcs
  2 jackals (D:4)
35 creatures vanquished.

Vanquished Creatures (others)
  53 fungi (D:10)
  27 plants (D:10)
80 creatures vanquished.

Grand Total: 410 creatures vanquished

Notes
Turn   | Place    | Note
-------+----------+-------------------------------------------
     0 | D:1      | LostNumber the Demonspawn Earth Elementalist began the
                  | quest for the Orb.
     0 | D:1      | Reached XP level 1. HP: 13/13 MP: 3/3
   156 | D:1      | Reached skill level 3 in Earth Magic
   322 | D:1      | Gained mutation: You are partially covered in slimy green
                  | scales. (AC +2) [demonic ancestry]
   322 | D:1      | Reached XP level 2. HP: 16/20 MP: 5/5
   902 | D:1      | Reached skill level 1 in Fighting
   992 | D:1      | Reached XP level 3. HP: 26/26 MP: 4/6
  1489 | D:2      | Learned a level 3 spell: Stone Arrow
  1701 | D:2      | Reached skill level 1 in Conjurations
  1701 | D:2      | Gained mutation: You are mostly covered in slimy green
                  | scales. (AC +3) [demonic ancestry]
  1701 | D:2      | Reached XP level 4. HP: 29/32 MP: 3/7
  1958 | D:2      | Found an iron altar of Okawaru.
  2063 | D:2      | Found a runed translucent door.
  2064 | D:2      | Noticed Crazy Yiuf
  2434 | D:3      | Gained mutation: A weak demonic guardian rushes to your
                  | aid. [demonic ancestry]
  2434 | D:3      | Reached XP level 5. HP: 34/38 MP: 9/9
  2449 | D:3      | Found an opulent altar of Gozag.
  2459 | D:3      | Found a deep blue altar of Sif Muna.
  2547 | D:3      | Found an ornate altar of the Wu Jian Council.
  2595 | D:3      | Reached skill level 4 in Earth Magic
  3375 | D:4      | Noticed an ogre
  3464 | D:4      | Found a staircase to the Ecumenical Temple.
  3477 | Temple   | Entered the Ecumenical Temple
  3860 | D:4      | Gained mutation: You have large cloven feet. [demonic
                  | ancestry]
  3860 | D:4      | Reached XP level 6. HP: 34/46 MP: 0/10
  4100 | D:4      | Found Doki's Weapon Shop.
  4445 | D:4      | Gained mutation: A demonic guardian rushes to your aid.
                  | [demonic ancestry]
  4445 | D:4      | Reached XP level 7. HP: 51/51 MP: 7/12
  4779 | D:5      | Entered Level 5 of the Dungeon
  4779 | D:5      | Noticed Menkaure
  4782 | D:5      | Killed Menkaure
  4782 | D:5      | Reached skill level 5 in Earth Magic
  4957 | D:5      | Noticed Sigmund
  5095 | D:5      | Killed Sigmund
  5177 | D:5      | Found a sacrificial altar of Ru.
  5245 | D:5      | Found a radiant altar of Vehumet.
  5333 | D:5      | Reached XP level 8. HP: 50/60 MP: 3/13
  5401 | D:5      | You fall through a shaft for 2 floors!
  5444 | D:7      | Reached skill level 5 in Conjurations
  5643 | D:7      | Got a smoking ring mail
  5647 | D:7      | Identified the +7 ring mail "Xosuredi" {rElec rF+ SInv
                  | Stlth+} (You found it on level 7 of the Dungeon)
  5769 | D:7      | Reached skill level 6 in Earth Magic
  5965 | D:6      | Noticed Prince Ribbit
  5971 | D:6      | Killed Prince Ribbit
  5972 | D:6      | Noticed Grinder
  5974 | D:6      | Found a snail-covered altar of Cheibriados.
  5981 | D:6      | Killed Grinder
  6032 | D:6      | Found a glowing drain.
  6124 | Sewer    | Entered a sewer
  6650 | Sewer    | Reached XP level 9. HP: 66/66 MP: 16/16
  6661 | Sewer    | Reached skill level 7 in Earth Magic
  6984 | D:5      | Found a bloodstained altar of Trog.
  7358 | D:6      | Reached skill level 5 in Fighting
  7358 | D:6      | Reached skill level 5 in Spellcasting
  7479 | D:6      | Found a hide-covered altar of Uskayaw.
  7606 | D:6      | Learned a level 5 spell: Lee's Rapid Deconstruction
  7783 | D:6      | Found a runed translucent gate.
  7784 | D:6      | Found a runed translucent gate.
  7785 | D:6      | Found a runed translucent gate.
  7790 | D:6      | Noticed Thargor's ghost (novice HuFE)
  8199 | D:7      | Reached skill level 8 in Earth Magic
  8224 | D:7      | Found Kodasuwe's Magic Scroll Shoppe.
  8299 | D:7      | Bought a scroll of blinking for 105 gold pieces
  8299 | D:7      | Bought a scroll of fear for 49 gold pieces
  8299 | D:7      | Bought a scroll of fog for 28 gold pieces
  8461 | D:7      | Found a glowing silver altar of Zin.
  8461 | D:7      | Found a white marble altar of Elyvilon.
  8461 | D:7      | Found a glowing golden altar of the Shining One.
  8822 | D:8      | Found a sacrificial altar of Ru.
  8850 | D:8      | Found a shattered altar of Ashenzari.
  8855 | D:8      | Reached XP level 10. HP: 76/76 MP: 4/18
  8875 | D:8      | Became a worshipper of Ashenzari the Shackled
  9286 | D:9      | Reached skill level 9 in Earth Magic
  9759 | D:9      | Found a staircase to the Orcish Mines.
  9772 | D:10     | Entered Level 10 of the Dungeon
 10000 | D:10     | Noticed an unseen horror
 10016 | D:10     | Killed an unseen horror
 10130 | D:10     | Noticed an unseen horror
 10136 | D:10     | Killed an unseen horror
 10193 | D:10     | Noticed a four-headed hydra
 10198 | D:10     | Killed a four-headed hydra
 10198 | D:10     | Reached skill level 10 in Earth Magic
 10497 | D:10     | Noticed a tengu warrior
 10515 | D:10     | Killed a tengu warrior
 10578 | D:10     | Found a staircase to the Lair.
 10613 | D:10     | Gained mutation: You are partially covered in sharp spines.
                  | [demonic ancestry]
 10613 | D:10     | Reached XP level 11. HP: 84/84 MP: 6/21
 10926 | D:10     | Reached skill level 1 in Axes
 10975 | D:10     | Reached * piety under Ashenzari
 10985 | D:10     | Noticed a two-headed ogre
 10989 | D:10     | Killed a two-headed ogre
 11103 | D:10     | Noticed a tengu warrior
 11107 | D:10     | Killed a tengu warrior
 11184 | Lair:1   | Entered Level 1 of the Lair of Beasts
 11184 | Lair:1   | Noticed a seven-headed hydra
 11267 | D:11     | Noticed Psyche
 11273 | D:11     | Killed Psyche
 11361 | D:11     | Noticed a seven-headed hydra
 11399 | D:11     | Noticed Gastronok
 11451 | D:11     | Killed a seven-headed hydra
 11451 | D:11     | Reached skill level 11 in Earth Magic
 11458 | D:11     | Killed Gastronok
 11737 | D:11     | Noticed an unseen horror
 11757 | D:11     | Killed an unseen horror
 11937 | D:11     | Found an opulent altar of Gozag.
 12011 | D:11     | Noticed a two-headed ogre
 12018 | D:11     | Killed a two-headed ogre
 12028 | D:11     | Noticed Maurice
 12041 | D:11     | Killed Maurice
 12118 | D:11     | Noticed a purple ugly thing
 12126 | D:11     | Killed a purple ugly thing
 12246 | D:12     | Noticed Frances
 12261 | D:12     | Killed from afar by Frances

Skill      XL: |  1  2  3  4  5  6  7  8  9 10 11 |
---------------+----------------------------------+-----
Earth Magic    | 3 4 5 6 8 10 11 | 11.0
Fighting       | 1 2 3 4 6 7 9 |  9.1
Conjurations   | 1 2 3 4 6 7 |  7.0
Spellcasting   | 3 4 5 7 8 |  8.6
Axes           | 4 |  4.8
Dodging        | |  1.7
Stealth        | |  1.7
Transmutations | |  0.8

Action                   |  1- 3 |  4- 6 |  7- 9 | 10-12 || total
-------------------------+-------+-------+-------+-------++-------
Melee: Club              |    81 |       |       |       ||    81
       Flail             |       |   116 |    34 |       ||   150
       Kick              |       |     5 |    59 |     3 ||    67
       Morningstar       |       |       |    34 |       ||    34
       Dagger            |       |       |   177 |    68 ||   245
       Broad axe         |       |       |       |    93 ||    93
 Cast: Sandblast         |    36 |    49 |    81 |    21 ||   187
       Stone Arrow       |       |    24 |    64 |    70 ||   158
       Lee's Rapid Decon |       |       |       |    24 ||    24
Invok: Curse Item        |       |       |       |     5 ||     5
  Use: Scroll            |       |       |    13 |     9 ||    22
       Potion            |       |       |     1 |       ||     1
 Stab: Sleeping          |     2 |     2 |     2 |     2 ||     8
       Distracted        |       |     1 |       |       ||     1
  Eat: Chunk             |     3 |    11 |    19 |    14 ||    47
       Ration            |       |       |       |     1 ||     1
Armor: Robe              |    18 |       |       |       ||    18
       Leather armour    |       |    70 |    16 |       ||    86
       Ring mail         |       |       |   152 |   129 ||   281
       Skin              |       |       |    28 |       ||    28
Dodge: Dodged            |    63 |   121 |   161 |   100 ||   445
Block: Other             |       |       |       |    46 ||    46
       Reflection        |       |       |       |     3 ||     3
